Map: Automaton LE

Players

PtitDrogo - Winner!

  • Race: Protoss Protoss
  • Spawn Location: 9:00

Minatoeh (Minato)

  • Race: Zerg Zerg
  • Spawn Location: 3:00

Event: 2019 WCS Spring

VOD

Have the link to the VOD?

Description

Time

  • Played on: May 17, 2019, 9:38 a.m.
  • Length: 9:50

All games in this series

Show
View Real Time Build Order
Export as new Build Order

PtitDrogo Protoss - Winner!

Build Orders: 1 Gate Expand, Oracle Opening, Zealot Archon 

Get SALT Encoding   

  12  0:00  Probe  
  13  0:13  Probe  
  14  0:19  Pylon  
  14  0:25  Probe  
  15  0:33  Probe  
  15  0:38  Gateway  
  15  0:41  Probe  
  16  0:48  Assimilator  
  17  0:51  Probe  
  18  1:03  Probe  
  19  1:15  Probe  
  20  1:26  Nexus  
  20  1:37  Cybernetics Core  
  20  1:39  Probe  
  21  1:45  Assimilator  
  21  1:51  Probe  
  22  1:55  Pylon  
  22  2:03  Probe, Adept  
  23  2:15  Probe  
  26  2:21  Stargate  
  26  2:27  Warp Gate, Probe  
  27  2:30  Stalker  
  27  2:36  Probe  
  27  2:39  Probe  
  27  2:44  Probe  
  32  2:51  Probe  
  32  2:52  Probe  
  32  2:58  Oracle  
  34  3:04  Probe  
  34  3:05  Probe  
  39  3:16  Probe  
  40  3:20  Probe  
  40  3:22  Pylon  
  40  3:24  Oracle  
  41  3:28  Probe  
  41  3:31  Assimilator  
  41  3:32  Probe  
  43  3:35  Assimilator  
  43  3:39  Gateway  
  43  3:40  Probe  
  47  3:44  Probe  
  48  3:52  Probe, Robotics Facility  
  49  3:55  Pylon  
  49  3:57  Probe  
  50  4:04  Probe  
  50  4:09  Probe  
  52  4:15  Sentry  
  54  4:21  Probe  
  55  4:28  Nexus  
  55  4:29  Probe  
  56  4:38  Probe  
  56  4:43  Observer  
  61  4:48  Twilight Council, Pylon  
  61  4:52  Forge  
  58  4:55  Sentry, Gateway  
  58  4:56  Zealot  
  58  4:57  Gateway  
  62  5:06  Immortal, Probe x2  
  68  5:14  Charge  
  68  5:21  Stalker  
  68  5:24  Protoss Ground Weapons Level 1  
  68  5:26  Templar Archives  
  70  5:28  Pylon  
  70  5:40  Probe x2, Gateway x2  
  70  5:42  Gateway  
  72  5:45  Gateway  
  72  5:50  Probe  
  72  5:52  Probe  
  74  5:57  Probe  
  74  5:58  Pylon  
  75  6:05  High Templar x2  
  75  6:07  Probe x2  
  75  6:08  Pylon  
  75  6:09  Probe  
  75  6:10  Archon  
  82  6:17  High Templar  
  84  6:18  High Templar  
  84  6:19  Probe x2, Warp Prism  
  84  6:22  Probe  
  91  6:31  Probe  
  91  6:32  Pylon  
  93  6:36  Assimilator  
  93  6:39  Assimilator  
  92  6:40  Archon  
  92  6:42  Gateway  
  92  6:43  Gateway  
  92  6:44  Zealot x2  
  96  6:49  Zealot x2, High Templar x2  
  96  6:51  Zealot  
  96  6:53  Archon  
  106  6:54  Zealot  
  108  7:08  Zealot x2  
  100  7:10  Zealot x2  
  79  7:16  Zealot x2  
  79  7:18  Immortal  
  79  7:21  Protoss Ground Weapons Level 2  
  73  7:23  Zealot x2  
  73  7:28  Zealot x2  
  80  7:31  Zealot x2  
  84  7:39  High Templar  
  84  7:40  Zealot  
  84  7:43  High Templar  
  90  7:44  Zealot  
  90  7:46  Zealot  
  90  7:47  Zealot  
  90  7:49  Zealot x2  
  100  7:52  Archon  
  100  7:53  Probe  
  100  7:54  Zealot x2  
  105  8:00  Zealot  
  105  8:03  Probe x2  
  105  8:05  Probe  
  106  8:08  Zealot x2, High Templar x2  
  106  8:10  Pylon, Warp Prism  
  114  8:13  Archon  
  116  8:27  Probe  
  116  8:28  Photon Cannon  
  117  8:35  Sentry  
  117  8:36  Zealot, High Templar x2  
  117  8:40  Pylon x2  
  125  8:42  Archon  
  125  8:52  Pylon  
  125  8:53  Pylon  
  125  8:58  Probe  
  125  8:59  Zealot x7  
  140  9:07  Pylon  
  140  9:09  Nexus  
  140  9:15  High Templar x2  
  140  9:16  Zealot  
  146  9:19  Archon  
  146  9:21  Zealot x2  
  146  9:23  High Templar x3  
  146  9:24  High Templar  
  146  9:31  Archon x2  
  146  9:37  Zealot x2  
  136  9:41  Zealot x2  
  114  9:47  Zealot x2  
Show
View Real Time Build Order
Export as new Build Order

Minatoeh Zerg 

Build Orders: Hatch First 

Get SALT Encoding   

  12  0:01  Drone  
  13  0:12  Overlord  
  13  0:18  Drone  
  14  0:31  Drone x2  
  16  0:51  Hatchery  
  16  0:53  Drone  
  16  0:56  Drone  
  17  0:59  Drone  
  18  1:10  Extractor  
  17  1:16  Spawning Pool  
  17  1:18  Drone  
  17  1:22  Drone  
  18  1:28  Drone  
  19  1:42  Drone  
  20  1:51  Drone  
  21  2:03  Zergling x2  
  21  2:04  Queen x2  
  21  2:05  Drone  
  27  2:12  Overlord  
  27  2:14  Drone  
  28  2:23  Metabolic Boost  
  28  2:34  Hatchery  
  27  2:38  Drone x2  
  27  2:40  Drone  
  30  2:45  Drone  
  30  2:47  Drone  
  30  2:48  Drone  
  33  2:55  Queen  
  35  3:00  Overlord  
  35  3:11  Drone  
  36  3:13  Overlord  
  36  3:17  Spore Crawler  
  36  3:19  Drone x2  
  37  3:20  Drone x2  
  37  3:24  Spore Crawler  
  37  3:28  Overlord  
  37  3:36  Lair  
  37  3:37  Drone  
  37  3:40  Drone  
  39  3:42  Drone  
  39  3:44  Drone  
  39  3:48  Drone x2  
  43  3:56  Extractor, Drone x3  
  43  3:58  Extractor  
  43  4:01  Drone x2  
  46  4:07  Overlord  
  46  4:08  Overlord  
  46  4:11  Drone  
  46  4:12  Drone  
  46  4:16  Spore Crawler  
  47  4:20  Drone x2  
  47  4:21  Drone  
  50  4:28  Spore Crawler, Extractor  
  46  4:36  Drone  
  46  4:37  Drone  
  46  4:39  Drone x5  
  46  4:40  Queen  
  46  4:43  Spore Crawler  
  53  4:48  Queen  
  53  4:52  Hydralisk Den  
  54  4:54  Drone x2  
  54  4:55  Drone  
  54  4:58  Zergling x4  
  59  5:00  Zergling x2  
  59  5:04  Zergling x4  
  59  5:05  Zergling x2  
  59  5:07  Zergling x2  
  64  5:09  Overlord  
  64  5:26  Muscular Augments  
  64  5:27  Hydralisk  
  64  5:28  Hydralisk x4  
  74  5:30  Hydralisk  
  74  5:34  Hydralisk  
  74  5:35  Hydralisk  
  78  5:37  Hydralisk  
  78  5:41  Overlord  
  82  5:44  Overlord  
  82  5:46  Overlord  
  82  5:51  Overlord  
  82  6:03  Hydralisk  
  82  6:04  Hydralisk x4  
  81  6:10  Hydralisk x2  
  95  6:11  Zergling x2  
  95  6:14  Zergling x4  
  95  6:16  Overseer  
  95  6:17  Zergling x2  
  100  6:18  Zergling x2  
  100  6:21  Zergling x4  
  100  6:23  Zergling x4  
  100  6:25  Zergling x2  
  105  6:31  Zergling x4  
  107  6:36  Zergling x6  
  107  6:37  Grooved Spines, Zergling x2  
  107  6:38  Zergling x2  
  112  6:40  Zergling x4  
  112  6:43  Overlord  
  114  6:54  Overlord x2  
  113  7:03  Zergling x10  
  97  7:11  Hydralisk x2, Zergling x2  
  97  7:12  Zergling x4  
  92  7:16  Hydralisk  
  92  7:17  Zergling x2  
  92  7:22  Hydralisk  
  86  7:29  Hydralisk x6  
  87  7:30  Zergling x4  
  87  7:35  Zergling x4  
  99  7:41  Hydralisk  
  99  7:42  Zergling x6  
  104  7:47  Hydralisk  
  106  7:51  Hydralisk  
  106  7:52  Zergling x2  
  108  8:04  Hydralisk x2  
  97  8:05  Zergling x2  
  97  8:11  Extractor  
  97  8:12  Hydralisk x2, Extractor  
  97  8:13  Zergling x14  
  97  8:14  Zergling x2  
  97  8:18  Zergling x4  
  109  8:21  Extractor  
  109  8:24  Baneling Nest  
  109  8:25  Hydralisk  
  109  8:28  Zergling x4  
  112  8:34  Zergling x2  
  112  8:35  Overseer  
  112  8:40  Hydralisk  
  112  8:41  Zergling x18  
  115  8:43  Zergling x2  
  124  8:51  Zergling x6  
  127  8:59  Zergling x2  
  126  9:04  Zergling x4  
  126  9:09  Baneling x10  
  123  9:10  Zergling x6  
  123  9:11  Zergling x8  
  130  9:18  Baneling x6  
  109  9:33  Zergling x2  
Tags
 
Add a new tag
Caveats
  • Supply blocks, unpowered buildings, or Contaminate may cause inaccurate times.
  • Supply counts are checked every 10 seconds.